 Dungeon Crawl Stone Soup version 0.27.1-1-g398f81649c (webtiles) character file.

Game seed: 12769489697844457322

37 diana the Ducker (level 3, -1/29 HPs)
             Began as a Djinni Gladiator on Sept 19, 2021.
             Slain by Terence (10 damage)
             ... on level 2 of the Dungeon.
             The game lasted 00:01:19 (1555 turns).

diana the Ducker (Djinni Gladiator)                 Turns: 1555, Time: 00:01:20

Health: -1/29      AC:  4    Str: 14    XL:     3   Next: 62%
Gold:   17         EV: 13    Int:  9    God:
                   SH:  0    Dex: 20

rFire    + + .     SeeInvis .   a - +0 rapier
rCold    x . .     Faith    .   (no shield)
rNeg     . . .     Spirit   .   b - +0 leather armour
rPois    ∞         Reflect  .   c - +0 helmet
rElec    .         Harm     .   (no cloak)
rCorr    .         Rampage  .   (no gloves)
Will     .....                  (boots unavailable)
Stlth    +.........             (no amulet)
HPRegen  0.09/turn              j - +6 ring of dexterity
MPRegen  0.00/turn              (no ring)

@: flying
A: sickness immunity, fire resistance 2, cold vulnerability 1, float, innate
caster, hp casting, extra vitality 1
a: no special abilities


You were on level 2 of the Dungeon.
You visited 1 branch of the dungeon, and saw 2 of its levels.

You collected 17 gold pieces.

Inventory:

Hand Weapons
 a - a +0 rapier (weapon)
Missiles
 d - 3 throwing nets (quivered)
Armour
 b - a +0 leather armour (worn)
 c - a +0 helmet (worn)
Jewellery
 j - a +6 ring of dexterity (left hand)
Scrolls
 e - 2 scrolls of magic mapping {unknown}
 g - a scroll of teleportation {unknown}
 i - a scroll of noise {unknown}
Potions
 f - a potion of magic {unknown}
 h - 2 potions of might {unknown}
 k - a potion of curing {unknown}
 l - a potion of heal wounds {unknown}


   Skills:
 + Level 2.4 Fighting
 + Level 3.0 Short Blades
 - Level 1.5 Throwing
 + Level 1.0 Armour
 + Level 3.6 Dodging
 + Level 0.7 Spellcasting


You had 2 spell levels left.
You knew the following spells:

 Your Spells              Type           Power      Damage    Failure   Level
a - Freeze                Ice            4%         1d3       34%         1
Your spell library was empty.

Dungeon Overview and Level Annotations

Branches:
Dungeon (2/15)

Altars:

Annotations:
D:2 Terence


Innate Abilities, Weirdness & Mutations

You are immune to sickness and miasma.
You are immune to poison.
Your flesh is very heat resistant. (rF++)
You are vulnerable to cold. (rC-)
You float through the air rather than walking.
You learn spells naturally, not from books.
Your magical power is your life essence.
You have superior vitality. (+4 HP)


Message History

No target in view!
A rat comes into view.
A rat is nearby!
A rat is nearby!
Terence the Incautious comes into view.
He is wielding a +0 flail and wearing a +2 chain mail of fire resistance.
Terence shouts!
The rat closely misses you.
You hit the rat.
The rat is severely wounded.
The rat misses you.
You closely miss the rat.
The rat is severely wounded.
The rat bites you but does no damage.
You hit the rat but do no damage.
The rat is severely wounded.
The rat barely misses you.
You hit the rat.
You kill the rat!
Terence hits you with a +0 flail.
You barely miss Terence. Terence closely misses you.
You hit Terence.
Terence is moderately wounded.
Terence misses you.
You hit Terence but do no damage.
Terence is moderately wounded.
Terence hits you with a +0 flail.
You hit Terence but do no damage.
Terence is moderately wounded.
Terence barely misses you.
You hit Terence but do no damage.
Terence is moderately wounded.
Terence hits you with a +0 flail. Terence barely misses you.
You closely miss Terence.
Terence is moderately wounded.
Terence hits you with a +0 flail.
You closely miss Terence.
Terence is moderately wounded.
Terence hits you with a +0 flail! Terence hits you with a +0 flail!
You die...

## #### ..............P♣
...#### ....##.........P
...##.. ................♣
†..##.###.#..#..........♣
...##...............>....
...##....................
...##............@.$.....
................@.†......
########........P♣♣♣♣...♣
.#.............≈≈≈≈≈≈≈♣ ≈
.#.#.##.......≈≈≈≈≈≈≈≈≈
.# #......≈≈≈≈≈≈≈P≈≈ .#
#####............ ..
#..≈≈≈≈≈≈≈≈PP .##
#..≈≈≈≈≈≈≈♣♣♣ .#
##..≈≈≈≈P≈♣


You could see Terence.

Vanquished Creatures
  A worm (D:2)
  A dart slug (D:1)
  2 bats
  3 endoplasms
  A giant cockroach (D:2)
  4 goblins (D:1)
  3 hobgoblins (D:2)
  3 quokkas
  3 ball pythons
  3 frilled lizards (D:1)
  A kobold (D:1)
  5 rats
30 creatures vanquished.

Notes
Turn   | Place    | Note
-------+----------+-------------------------------------------
     0 | D:1      | diana the Djinni Gladiator began the quest for the Orb.
     0 | D:1      | Reached XP level 1. HP: 18/18 MP: 0/0
   222 | D:1      | Reached XP level 2. HP: 15/23 MP: 0/0
   846 | D:1      | Reached XP level 3. HP: 28/28 MP: 0/0
   846 | D:1      | Learned a level 1 spell: Freeze
  1211 | D:2      | Reached skill level 1 in Armour
  1541 | D:2      | Noticed Terence
  1555 | D:2      | Slain by Terence

Illustrated notes

Levels and vault maps discovered:
D:1:      saegor_arrival_simple_a, layout_basic, minmay_pentomino_o2
D:2:      minmay_general_purpose_star, layout_basic, serial_bayou_lagoon_b,
          uniq_terence

Skill      XL: |  1  2  3 |
---------------+----------+-----
Armour         | 1 |  1.0
Short Blades   | 3 |  3.0
Fighting       | |  2.4
Throwing       | |  1.5
Dodging        | |  3.6
Spellcasting   | |  0.7

Action                   || total
-------------------------++-------
Melee: Rapier            ||    85
 Stab: Sleeping          ||     2
Armor: Leather armour    ||    20
Dodge: Dodged            ||    50
